 Dungeon Crawl Stone Soup version 0.31-a0-1082-g7d1fb776a8 (webtiles) character file.

Game seed: 4905963066114176833

43 Flugslaktarn the Changeling (level 3, -2/23 HPs)
             Began as an Octopode Shapeshifter on Nov 28, 2023.
             Slain by a gnoll
             ... wielding a +0 halberd
              (12 damage)
             ... on level 2 of the Dungeon.
             The game lasted 00:00:27 (1055 turns).

Flugslaktarn the Changeling (Octopode Shapeshifter) Turns: 1055, Time: 00:00:27

Health: -2/23      AC:  1    Str: 13    XL:     3   Next: 58%
Magic:  3/3        EV: 13    Int: 12    God:
Gold:   72         SH:  5    Dex: 13    Spells: 2/2 levels left

rFire   . .          .
                       - Unarmed
rCold   . . .        (no shield)
rNeg    . . .        (helmet currently unavailable)
rPois   .            g - amulet of reflection
rElec   .            (no ring)
rCorr   .            (no ring)
SInv    .            (no ring)
Will    .....        (no ring)
Stlth   ++           (no ring)
HPRegen 0.23/turn    (no ring)
MPRegen 0.08/turn    (no ring)
                     (no ring)

%: reflection
@: beast-form
A: beast (slay +2), almost no armour, amphibious, 8 rings, camouflage 1,
gelatinous body 1, (nimble swimmer 1), tentacles
a: Begin Untransformation


You were on level 2 of the Dungeon.
You were a hulking beast.
You visited 1 branch of the dungeon, and saw 2 of its levels.

You collected 72 gold pieces.

Inventory:

Jewellery
 g - an amulet of reflection (around mantle)
   (You found it on level 1 of the Dungeon)
Talismans
 b - a beast talisman
 c - a flux talisman
Scrolls
 e - a scroll of enchant armour {unknown}
 h - a scroll of fear {unknown}
 i - 2 scrolls of brand weapon {unknown}
Potions
 a - a potion of lignification
 d - a potion of might {unknown}
 f - a potion of curing {unknown}
 j - a potion of heal wounds {unknown}
 k - a potion of magic {unknown}


   Skills:
 - Level 1.0 Fighting
 - Level 2.0 Dodging
 - Level 3.0 Unarmed Combat
 + Level 4.3 Shapeshifting


You had 2 spell levels left.
You didn't know any spells.
Your spell library was empty.

Dungeon Overview and Level Annotations

Branches:
Dungeon (2/15)

Altars:


Innate Abilities, Weirdness & Mutations

You are a hulking beast.
Your limbs bulge with bestial killing power. (Slay +2)
You cannot wear most types of armour.
You are amphibious.
You can wear up to eight rings at the same time.
Your skin changes colour to match your surroundings (Stealth+).
Your rubbery body absorbs attacks. (AC +1, EV +1)
((You are camouflaged when in or above water. (Stealth+)))
You have tentacles for arms and can constrict up to eight enemies at once.


Message History

There is an open door here.
A kobold comes into view. It is wielding a +0 dagger.
The kobold shouts!
You tentacle-slap the kobold.
You kill the kobold!
You see here a +0 dagger.
You see here a +0 dagger.
There is a stone staircase leading down here.
You see here a +0 helmet.
Done exploring.
Done exploring.
No target in view!
Done exploring.
Done exploring.
No target in view!
There is a stone staircase leading down here.
You climb downwards.
There is a stone staircase leading up here.
Unknown command.
A frilled lizard comes into view.
A frilled lizard is nearby!
A frilled lizard is nearby!
The frilled lizard bites you but does no damage.
You tentacle-slap the frilled lizard.
You kill the frilled lizard!
No target in view!
No target in view!
You see here a frilled lizard corpse.
An adder comes into view.
Found a scroll labelled EBBATR UFOUKH.
The adder hisses angrily.
The adder completely misses you.
An adder is nearby!
An adder is nearby!
You miss the adder. Your grab misses the adder.
Your tentacle-slap misses the adder.
You squeeze the adder.
The adder is moderately wounded.
The adder closely misses you.
You tentacle-slap the adder. Your grab misses the adder.
The adder is almost dead.
The adder misses you.
You barely miss the adder. Your grab misses the adder.
Your tentacle-slap misses the adder.
Your squeeze misses the adder.
The adder is almost dead.
The adder completely misses you.
An adder is nearby!
You closely miss the adder. You grab the adder. You squeeze the adder.
You kill the adder!
Your Shapeshifting skill increases to level 4!
You have reached level 3!
Your experience leads to an increase in your attributes!
Increase (s)trength, (i)ntelligence, or (d)exterity?
You feel agile. x2
You see here an adder corpse.
i - 2 scrolls labelled EBBATR UFOUKH (gained 1)
You now have 72 gold pieces (gained 7).
A bat comes into view.
Found 8 stones.
A bat is nearby!
A bat is nearby!
The bat barely misses you. The bat closely misses you.
You tentacle-slap the bat. Your grab misses the bat. You squeeze the bat.
You kill the bat!
No target in view!
No target in view!
No target in view!
No target in view!
You see here 8 stones.
k - a murky puce potion No target in view!
A gnoll comes into view. It is wielding a +0 club.
A gnoll is nearby!
A gnoll comes into view.
It is wielding a +0 flail. 2 gnolls come into view.
Found 16 gold pieces.
The gnoll shouts! x4
You tentacle-slap the gnoll. You grab the gnoll.
The gnoll is moderately wounded.
You constrict the gnoll. You block the gnoll's attack.
You tentacle-slap the gnoll.
The gnoll is severely wounded.
You constrict the gnoll. The gnoll barely misses you. x2
The gnoll hits you with a +0 whip.
You tentacle-slap the gnoll.
The gnoll is almost dead.
You constrict the gnoll.
You kill the gnoll!
The gnoll hits you from afar with a +0 halberd.
The gnoll hits you with a +0 whip!
There are monsters nearby!
You tentacle-slap the gnoll. Your grab misses the gnoll.
You squeeze the gnoll, but do no damage.
The gnoll is moderately wounded.
The gnoll misses you. x2; The gnoll closely misses you.
You tentacle-slap the gnoll. Your grab misses the gnoll.
The gnoll is heavily wounded.
You block the gnoll's attack.
The gnoll hits you from afar with a +0 halberd!
Ouch! That really hurt!
You die...

.$ .# .######
....... .......
.g.....
########g......
#......hg#
##.####### #.#
#.# #.# #.# #.#
#.# #.#


You could see 3 gnolls.

Vanquished Creatures
  A gnoll (D:2)
  An adder (D:2)
  3 ball pythons (D:1)
  2 bats
  An endoplasm (D:1)
  3 goblins (D:1)
  5 hobgoblins (D:1)
  3 kobolds (D:1)
  3 frilled lizards
  A rat (D:1)
23 creatures vanquished.

Notes
Turn   | Place    | Note
-------+----------+-------------------------------------------
     0 | D:1      | Flugslaktarn the Octopode Shapeshifter began the quest for
                  | the Orb.
     0 | D:1      | Reached XP level 1. HP: 13/13 MP: 1/1
    93 | D:1      | Found a faded altar of an unknown god.
   174 | D:1      | Reached XP level 2. HP: 11/18 MP: 2/2
   978 | D:2      | Reached skill level 4 in Shapeshifting
   978 | D:2      | Reached XP level 3. HP: 23/23 MP: 3/3
  1055 | D:2      | Slain by a gnoll

Illustrated notes

Levels and vault maps discovered:
D:1:      elethiomel_arrival_shortcut, layout_loops_corners,
          hellmonk_ecumenical_altar_leap_of_faith
D:2:      layout_basic, st_stairs_8, ebering_dispersal_statue_hall,
          uniq_crazy_yiuf_cottage, uniq_sigmund, uniq_terence

Skill      XL: |  1  2 |
---------------+-------+-----
Shapeshifting  | 4 |  4.3
Fighting       | |  1.0
Dodging        | |  2.0
Unarmed Combat | |  3.0

Action                     || total
---------------------------++-------
  Melee: Unarmed           ||    45
         Constrict         ||    10
         Tentacles         ||    10
         Punch             ||     2
   Stab: Sleeping          ||     4
 Armour: Skin              ||    18
  Dodge: Dodged            ||    26
  Block: Other             ||     2

Table legend: (Time is in decaauts)
 A = Elapsed time spent in this place.
 B = Non-inter-level travel time spent in this place.
 C = Inter-level travel time spent in this place.
 D = Time resting spent in this place.
 E = Time spent auto-exploring this place.
 F = Levels seen in this place.
 G = Mean time per level.
                   A        B        C        D        E       F      G
               +--------+--------+--------+--------+--------+-----+--------+
         Total |   1052 |    994 |     58 |      0 |    855 |   2 |  526.0 |
       Dungeon |   1052 |    994 |     58 |      0 |    855 |   2 |  526.0 |
               +--------+--------+--------+--------+--------+-----+--------+

Top non-repeatable levels by time:
     D:1: 942 daAuts
     D:2: 110 daAuts
